 Dungeon Crawl Stone Soup version 0.29-a0-617-g7a6b98fccd (webtiles) character file.

Game seed: 17141940985587115150

6150 thriggle the Blocker (level 11, -1/84 HPs)
             Began as a Formicid Fighter on June 17, 2022.
             Was a High Priest of Lugonu.
             Killed by the air
             ... invoked by Gastronok
              (20 damage)
             ... on level 9 of the Dungeon.
             The game lasted 00:32:32 (7854 turns).

thriggle the Blocker (Formicid Fighter)             Turns: 7854, Time: 00:32:33

Health: -1/84      AC: 17    Str: 25    XL:     11   Next: 13%
Magic:  0/15       EV:  9    Int: 12    God:    Lugonu [*****.]
Gold:   257        SH:  7    Dex: 18    Spells: 10/10 levels left

rFire   . . .      SeeInvis +   a - +2 quarterstaff
rCold   . . .      Faith    .   c - +0 buckler
rNeg    . . .      Spirit   +   v - +0 plate armour
rPois   +          Reflect  .   (helmet unavailable)
rElec   .          Harm     .   (no cloak)
rCorr   .          Rampage  .   u - +0 pair of gloves
Will    +....                   L - +0 pair of boots
Stlth   ..........              d - amulet of Izxoi {Spirit Str+3 Int+3 Dex+3}
HPRegen 0.24/turn               n - +4 ring of protection
MPRegen 0.14/turn               M - ring of poison resistance

@: studying Staves
A: permanent stasis, dig shafts and tunnels, antennae 3, four strong arms
a: Dig, Shaft Self, Renounce Religion, Depart the Abyss, Bend Space, Banish,
Corrupt, Enter the Abyss


You were on level 9 of the Dungeon.
You worshipped Lugonu.
Lugonu was extremely pleased with you.
You visited 1 branch of the dungeon, and saw 9 of its levels.

You collected 542 gold pieces.
You spent 285 gold pieces at shops.

Inventory:

Hand Weapons
 a - a +2 quarterstaff (weapon)
 i - a +2 trident of freezing
 p - a +2 dagger of electrocution
 w - a +0 hunting sling
 x - the +6 whip of the New World {venom, Str+2 Dex+3}
   (You found it on level 7 of the Dungeon)

   It poisons the flesh of those it strikes.
   Str:       It affects your strength (+2).
   Dex:       It affects your dexterity (+3).
 E - the +6 hand axe of the Snake Pit {flame, SInv}
   (You found it on level 5 of the Dungeon)

   It burns those it strikes, dealing additional fire damage.
   Big, fiery blades are also staple armaments of hydra-hunters.
   SInv:      It lets you see invisible.
 V - a +1 broad axe of flaming
Missiles
 h - 308 stones
 m - 4 javelins
 r - 26 poisoned darts
 I - 3 curare-tipped darts
Armour
 b - a +0 scale mail
 c - a +0 buckler (worn)
 s - the +2 hat "Zibaf" {rPois rC+ Int+4}
   (You found it on level 2 of the Dungeon)

   Int:       It affects your intelligence (+4).
   rC:        It protects you from cold.
   rPois:     It protects you from poison.
 u - a +0 pair of gloves (worn)
 v - a +0 plate armour (worn)
 L - a +0 pair of boots (worn)
 T - the +0 chain mail of the Bells {Harm rC- Str+9 Stlth+}
   (You bought it in a shop on level 9 of the Dungeon)

   Str:       It affects your strength (+9).
   rC:        It makes you vulnerable to cold.
   Harm:      It increases damage dealt and taken.
   Stlth:     It makes you more stealthy.
 W - +0 steam dragon scales
Jewellery
 d - the amulet of Izxoi (around neck) {Spirit Str+3 Int+3 Dex+3}
   (You found it on level 9 of the Dungeon)

   [amulet of guardian spirit]

   It causes incoming damage to be divided between your reserves of health and
   magic.
   Str:       It affects your strength (+3).
   Int:       It affects your intelligence (+3).
   Dex:       It affects your dexterity (+3).
 f - an amulet of faith
 n - a +4 ring of protection (left hand)
 J - a ring of wizardry
 M - a ring of poison resistance (right hand)
Wands
 e - a wand of iceblast (17)
 K - a wand of flame (28)
 U - a wand of acid (2)
Scrolls
 g - 3 scrolls of vulnerability
 j - 2 scrolls of identify
 k - 2 scrolls of amnesia
 l - 5 scrolls of teleportation
 y - a scroll of torment
 z - a scroll of fear
 B - 2 scrolls of noise
 F - 2 scrolls of blinking
 H - a scroll of enchant weapon
 O - a scroll of brand weapon
 Q - a scroll of fog
 R - a scroll of magic mapping
Potions
 o - 2 potions of curing
 t - 3 potions of heal wounds
 A - 2 potions of berserk rage
 C - 3 potions of attraction
 D - 3 potions of cancellation
 G - a potion of ambrosia
 P - a potion of magic
Miscellaneous
 N - a piece from Xom's chessboard (11/15)


   Skills:
 + Level 7.0 Fighting
 + Level 3.0(5.6) Maces & Flails
 + Level 7.4(7.7) Staves
 + Level 5.9(6.0) Slings
 - Level 1.0(3.4) Throwing
 - Level 3.5 Armour
 + Level 4.9 Dodging
 + Level 7.1 Stealth
 + Level 8.3 Shields
 + Level 0.4 Spellcasting
 + Level 6.4 Invocations
 + Level 5.2 Evocations


You had 10 spell levels left.
You didn't know any spells.
Your spell library contained the following spells:

 Spells                   Type           Power      Damage    Failure   Level
 Foxfire                  Conj/Fire      0%         2x1d4     99%         1
 Magic Dart               Conj           0%         1d3       99%         1
 Necrotize                Necr           0%         1d4       99%         1
 Slow                     Hex            0%         N/A       99%         1
 Call Imp                 Summ           0%         N/A       100%        2
 Poisonous Vapours        Pois/Air       0%         N/A       100%        2
 Confusing Touch          Hex            0%         N/A       100%        3
 Conjure Flame            Conj/Fire      0%         6-21      100%        3
 Inner Flame              Hex/Fire       0%         N/A       100%        3
 Mephitic Cloud           Conj/Pois/Air  0%         N/A       100%        3
 Vampiric Draining        Necr           0%         2d6       100%        3
 Corpse Rot               Necr/Pois/Air  0%         N/A       100%        4
 Flame Wave               Conj/Fire      0%         2d4       100%        4
 Fulminant Prism          Conj/Hex       0%         3d6       100%        4
 Iskenderun's Mystic Bla  Conj/Tloc      0%         2d3       100%        4
 Olgreb's Toxic Radiance  Pois           0%         N/A       100%        4
 Summon Ice Beast         Ice/Summ       0%         N/A       100%        4
 Agony                    Necr           0%         N/A       100%        5
 Lee's Rapid Deconstruct  Erth           0%         3d5*      100%        5
 Summon Forest            Summ/Tloc      0%         N/A       100%        5
 Summon Mana Viper        Hex/Summ       0%         N/A       100%        5
 Summon Cactus Giant      Summ           0%         N/A       100%        6
 Monstrous Menagerie      Summ           0%         N/A       100%        7
 Ozocubu's Refrigeration  Ice            0%         4d5       100%        7
 Ignition                 Fire           0%         3d3       100%        8


Dungeon Overview and Level Annotations

Branches:
Dungeon (9/15)             Temple (0/1) D:4
   Lair: D:8-11         Orc: D:9-12

Altars:
Ru
Vehumet
Lugonu

Shops:
D:5 *   D:8 *   D:9 [*[!

Annotations:
D:9 Gastronok


Innate Abilities, Weirdness & Mutations

You cannot be hasted, slowed, berserked, paralysed or teleported.
You can dig through walls and to a lower floor.
You have a pair of large antennae on your head. (SInv)
Your four strong arms can wield two-handed weapons with a shield.


Message History

You hit Gastronok.
Gastronok is heavily wounded.
Gastronok gurgles, "I'll eat you, I will!"
Gastronok's eyestalks quiver as he mumbles some strange words.
Gastronok puts on a burst of speed!
Aiming: Corrosive Bolt
Press: ? - help, Shift-Dir - straight line, f/p - Gastronok
Aim: Gastronok, wearing a +1 hat (heavily wounded, covering ground quickly, 100% to hit)
The bolt of acid hits Gastronok!
The acid corrodes Gastronok!
Gastronok is heavily wounded.
The bolt of acid hits the bat!
The acid corrodes the bat!
You kill the bat!
The bat's corpse disappears in a puff of smoke!
You thump Gastronok!
Gastronok is severely wounded.
Gastronok waves his eye-stalks in wide circles.
The air twists around and strikes you!!
* * * LOW HITPOINT WARNING * * *
Press: ? - help, v - describe, . - travel
Here: Gastronok, wearing a +1 hat (severely wounded, covering ground quickly, covered in acid)
The floor.
You hit Gastronok.
Gastronok is severely wounded.
You sock Gastronok!
Gastronok is severely wounded.
You block Gastronok's attack.
You thump Gastronok!
Gastronok is severely wounded.
You sock Gastronok!
Gastronok is almost dead.
Gastronok gurgles.
Gastronok looks at you and mumbles some strange words.
You barely resist. You hit Gastronok.
Gastronok is almost dead.
You hit Gastronok.
Gastronok is almost dead.
Gastronok waves his eye-stalks in wide circles.
The air twists around and strikes you!!
You die...

### #[. #.# #####
###)###...##
...rb......##
#w##@.....####.#
#@##.#..#......#
#.##.##...######
#.##)##.###.######
#..........#.....#
#.##..#####.####.#
# #..#####.#
#.##........#
#.###.####..#
#...........#


You could see Gastronok (swift, corroded), a river rat (summoned) and a bat
(summoned).

Vanquished Creatures
  Erica (D:9)
  Pikel (D:6)
  Maurice (D:9)
  Maggie (D:9)
  Grinder (D:4)
  2 wyverns (D:9)
  Eustachio (D:6)
  Menkaure (D:6)
  4 water moccasins
  An orc warrior (D:7)
  An ice beast (shapeshifter) (D:9)
  2 black bears
  5 ice beasts
  A centaur (D:5)
  A sky beast (D:7)
  A phantom (D:6)
  A lemure (D:6)
  2 kobold brigands
  Blork the orc (D:6)
  5 bullfrogs
  3 scorpions
  4 wights (D:6)
  9 killer bees
  A howler monkey (D:7)
  4 hounds
  4 jellies
  4 orc priests
  A gnoll shaman (D:6)
  4 iguanas
  7 orc wizards
  4 gnolls (D:6)
  6 adders
  2 white imps
  An ufetubus (D:5)
  6 worms
  2 dart slugs
  24 orcs
  3 ball pythons
  6 bats
  3 endoplasms
  3 giant cockroaches
  7 goblins
  7 hobgoblins
  4 jackals (D:2)
  2 quokkas
  3 frilled lizards (D:2)
  24 kobolds
  3 rats
185 creatures vanquished.

Notes
Turn   | Place    | Note
-------+----------+-------------------------------------------
     0 | D:1      | thriggle the Formicid Fighter began the quest for the Orb.
     0 | D:1      | Reached XP level 1. HP: 18/18 MP: 1/1
    93 | D:1      | Reached XP level 2. HP: 24/24 MP: 2/2
   498 | D:1      | Reached XP level 3. HP: 29/29 MP: 3/3
  1216 | D:2      | Found a faded altar of an unknown god.
  1258 | D:2      | Identified the +2 hat "Zibaf" {rPois rC+ Int+4}
  1274 | D:2      | Prayed at the altar of an unknown god.
  1274 | D:2      | Became a worshipper of Lugonu the Unformed
  1274 | D:2      | Reached * piety under Lugonu
  1274 | D:2      | Reached ** piety under Lugonu
  1343 | D:2      | Found a radiant altar of Vehumet.
  1512 | D:2      | Reached skill level 1 in Stealth
  1528 | D:2      | Reached XP level 4. HP: 37/37 MP: 4/4
  1935 | D:2      | Reached skill level 1 in Throwing
  2065 | D:3      | Reached skill level 1 in Dodging
  2202 | D:3      | Reached XP level 5. HP: 40/42 MP: 5/5
  3199 | D:4      | Reached skill level 1 in Slings
  3199 | D:4      | Reached skill level 1 in Invocations
  3239 | D:4      | Reached *** piety under Lugonu
  3285 | D:4      | Noticed Grinder
  3327 | D:4      | Killed Grinder
  3328 | D:4      | Reached skill level 5 in Shields
  3328 | D:4      | Reached XP level 6. HP: 18/49 MP: 5/7
  3328 | D:4      | Reached XP level 7. HP: 20/55 MP: 5/8
  3723 | D:4      | Found a staircase to the Ecumenical Temple.
  4144 | D:5      | Entered Level 5 of the Dungeon
  4259 | D:5      | Identified the +6 hand axe of the Snake Pit {flame, SInv}
  4306 | D:5      | Found Giepresoi's Mayhem Merchandise.
  4384 | D:5      | Reached skill level 1 in Evocations
  4399 | D:5      | Reached XP level 8. HP: 59/61 MP: 10/10
  4596 | D:5      | Reached skill level 5 in Fighting
  4609 | D:5      | Reached **** piety under Lugonu
  4726 | D:6      | Reached skill level 6 in Shields
  4818 | D:6      | Noticed Menkaure
  4867 | D:6      | Identified a scroll of acquirement
  4867 | D:6      | Acquired a manual of Staves
  4870 | D:6      | Killed Menkaure
  5014 | D:6      | Reached XP level 9. HP: 68/68 MP: 11/11
  5046 | D:6      | Noticed Blork the orc
  5088 | D:6      | Killed Blork the orc
  5401 | D:6      | Noticed Pikel
  5428 | D:6      | Reached skill level 5 in Stealth
  5433 | D:6      | Killed Pikel
  5434 | D:6      | Reached skill level 5 in Staves
  5458 | D:6      | Reached skill level 7 in Shields
  5808 | D:6      | Noticed Eustachio
  5821 | D:6      | Killed Eustachio
  5822 | D:6      | Reached skill level 5 in Invocations
  5905 | D:7      | Reached XP level 10. HP: 73/76 MP: 13/13
  5928 | D:7      | Identified the +6 whip of the New World {venom, Str+2
                  | Dex+3}
  5996 | D:7      | Reached skill level 1 in Maces & Flails
  6110 | D:7      | Reached skill level 5 in Slings
  6801 | D:8      | Found Naojyij's General Store.
  7015 | D:8      | Reached ***** piety under Lugonu
  7374 | D:9      | Noticed Erica
  7380 | D:9      | Killed Erica
  7381 | D:9      | Reached skill level 8 in Shields
  7467 | D:9      | Found a sacrificial altar of Ru.
  7544 | D:9      | Found Kekom's General Store.
  7546 | D:9      | Found Zylurghal's Distillery.
  7546 | D:9      | Found Goedy's Armour Shoppe.
  7550 | D:9      | Found Imitoz's Antique Armour Shoppe.
  7561 | D:9      | Bought a shimmering chain mail for 285 gold pieces
  7561 | D:9      | Identified the +0 chain mail of the Bells {Harm rC- Str+9
                  | Stlth+} (You bought it in a shop on level 9 of the Dungeon)
  7629 | D:9      | Noticed a salamander
  7629 | D:9      | a jumping spider changed into a salamander
  7639 | D:9      | a salamander changed into a fire bat
  7647 | D:9      | Reached skill level 5 in Evocations
  7719 | D:9      | Noticed Maggie
  7739 | D:9      | Reached XP level 11. HP: 44/83 MP: 13/15
  7742 | D:9      | Killed Maggie
  7749 | D:9      | Identified the amulet of Izxoi {Spirit Str+3 Int+3 Dex+3}
  7817 | D:9      | Noticed Gastronok
  7819 | D:9      | Noticed Maurice
  7841 | D:9      | Killed Maurice
  7854 | D:9      | Killed from afar by Gastronok

Illustrated notes

Levels and vault maps discovered:
D:1:      minmay_arrival_jagged, layout_loops_corners, minmay_surrounded
D:2:      layout_basic, basic_altar, nicolae_ecumenical_lake_church
D:3:      layout_basic
D:4:      layout_loops_corners, minmay_temple_entry_offerings, uniq_grinder
D:5:      layout_basic, minmay_shop_mayhem
D:6:      layout_cave_pods, grunt_ministairs_13, minivault_10,
          dreamdust_wishing_well, uniq_blork_the_orc, uniq_pikel, uniq_menkaure,
          uniq_eustachio
D:7:      layout_basic, palyth_stone_intersect
D:8:      layout_basic, serial_shops, nicolae_shop_waterfront
D:9:      layout_loops_ring, grunt_temple_overflow_order_and_chaos_2,
          nicolae_kikubaaqudgha_miasma_corner, nicolae_overflow_hidden_temple,
          minmay_shop_grid_forest, uniq_gastronok, uniq_maurice, uniq_maggie,
          uniq_erica

Skill      XL: |  1  2  3  4  5  6  7  8  9 10 11 |
---------------+----------------------------------+-----
Stealth        | 1 2 3 4 5 6 7 |  7.1
Throwing       | 1 |  1.0
Dodging        | 1 2 3 4 |  4.9
Slings         | 2 3 4 5 |  5.9
Invocations    | 2 3 5 6 |  6.4
Fighting       | 4 5 6 7 |  7.0
Staves         | 3 4 5 7 |  7.4
Shields        | 5 6 7 8 |  8.3
Evocations     | 1 2 3 5 |  5.2
Maces & Flails | 2 3 |  3.0
Armour         | |  3.5
Spellcasting   | |  0.4

Action                   |  1- 3 |  4- 6 |  7- 9 | 10-12 || total
-------------------------+-------+-------+-------+-------++-------
Melee: Quarterstaff      |   101 |    99 |   256 |   288 ||   744
       Hand axe          |       |       |     7 |     3 ||    10
       Dagger            |       |       |     2 |       ||     2
       Whip              |       |       |       |     3 ||     3
Throw: Stone             |       |    16 |       |       ||    16
       Javelin           |       |     4 |     1 |     1 ||     6
       Dart              |       |     1 |     1 |       ||     2
Invok: Bend Space        |       |       |       |     1 ||     1
 Abil: Dig               |       |       |     1 |       ||     1
Evoke: Wand              |       |       |     8 |     9 ||    17
       Piece from Xom's  |       |       |     3 |     5 ||     8
  Use: Scroll            |       |     7 |     9 |     5 ||    21
       Potion            |       |     2 |     6 |     6 ||    14
 Stab: Petrified         |       |       |     7 |       ||     7
       Confused          |       |       |       |     3 ||     3
Armor: Scale mail        |    57 |    11 |       |       ||    68
       Plate armour      |       |    45 |   189 |   166 ||   400
Dodge: Dodged            |    55 |    24 |    95 |    86 ||   260
Block: Buckler           |    35 |    16 |    92 |    89 ||   232

Table legend: (Time is in decaauts)
 A = Elapsed time spent in this place.
 B = Non-inter-level travel time spent in this place.
 C = Inter-level travel time spent in this place.
 D = Time resting spent in this place.
 E = Time spent auto-exploring this place.
 F = Levels seen in this place.
 G = Mean time per level.
                   A        B        C        D        E       F      G
               +--------+--------+--------+--------+--------+-----+--------+
         Total |   7924 |   7543 |    381 |    158 |   4538 |   9 |  880.4 |
       Dungeon |   7924 |   7543 |    381 |    158 |   4538 |   9 |  880.4 |
               +--------+--------+--------+--------+--------+-----+--------+

Top non-repeatable levels by time:
     D:6: 1147 daAuts
     D:1: 1144 daAuts
     D:3: 1083 daAuts
     D:4: 1031 daAuts
     D:2: 935 daAuts
     D:8: 760 daAuts
     D:7: 686 daAuts
     D:5: 626 daAuts
     D:9: 508 daAuts
